AoeStats
← :)

Black Forest

507562097Analyzed
4v4 RM · 14d ago on Sep 18, 2026· 47m 34s· 8 players
Game mode
Random Map
Map size
Large (8 player)
Population
200
Speed
Normal
Resources
Standard
Victory
Conquest
Starting age
Dark Age
Ending age
Imperial Age
RankedLock teamsTeams togetherTeam positionsShared explorationLock speedFull tech treeHidden civsTurbo modeCheats
Victory
Defeat
🇬🇧 Romans · United Kingdom
1304
+17
🇦🇿 Persians · Azerbaijan
1286
+17
🇨🇭 Dravidians · Switzerland
1280
+18
🇨🇭 Saracens · Switzerland
1264
+18
🇺🇾 Britons · Uruguay
1362
-19
🇦🇷 Khmer · Argentina
1331
-18
🇧🇷 Saracens · Brazil
1317
-18
🇦🇷 Bohemians · Argentina
1244
-15
[LdS]Nestoter
6:17 Loom
10:55 Feudal Age
14:48 Castle Age
12:39 Double-Bit Axe
14:56 Fishing Lines
15:43 Bow Saw
15:18 Fishing Lines
17:02 Gillnets
19:07 Town Watch
27:17 Imperial Age
24:58 Fletching
25:37 Bodkin Arrow
26:22 Stone Mining
26:24 Gold Mining
27:28 Padded Archer Armor
28:10 Bracer
29:11 Chemistry
28:32 Ballistics
28:45 Leather Archer Armor
29:38 Two-Man Saw
29:37 Conscription
30:13 Gold Shaft Mining
30:35 Ring Archer Armor
32:01 Yeomen
32:37 Elite Longbowman
34:24 Masonry
34:11 Murder Holes
34:05 Treadmill Crane
34:26 Light Cavalry
35:07 Husbandry
35:15 Scale Barding Armor
35:20 Forging
36:23 Chain Barding Armor
36:04 Scale Mail Armor
36:03 Pikeman
36:43 Squires
36:28 Arson
37:02 Halberdier
38:59 Chain Mail Armor
39:20 Iron Casting
39:20 Plate Barding Armor
40:28 Plate Mail Armor
NotGG
6:17 Loom
8:48 Feudal Age
13:34 Double-Bit Axe
16:19 Town Watch
19:29 Castle Age
21:30 Bow Saw
24:06 Fervor
29:49 Imperial Age
27:59 Horse Collar
28:01 Fishing Lines
31:08 Chemistry
31:50 Ballistics
31:41 Squires
32:35 Pikeman
33:00 Arson
33:50 Forging
34:13 Halberdier
35:07 Treadmill Crane
36:37 Iron Casting
37:17 Scale Mail Armor
37:33 Masonry
38:06 Fletching
:)
8:17 Loom
12:03 Feudal Age
14:54 Castle Age
13:22 Double-Bit Axe
13:18 Horse Collar
16:37 Bow Saw
16:52 Heavy Plow
18:08 Gold Mining
22:21 Wheelbarrow
26:32 Gold Shaft Mining
29:41 Imperial Age
29:12 Fletching
29:23 Padded Archer Armor
29:44 Ballistics
30:08 Bodkin Arrow
30:53 Double Crossbow
31:04 Siege Engineers
30:23 Capped Ram
30:49 Capped Ram
32:59 Chemistry
32:05 Onager
32:09 Siege Ram
33:12 Bracer
33:18 Heavy Scorpion
37:58 Husbandry
38:09 Bloodlines
grain8720
10:18 Feudal Age
11:40 Double-Bit Axe
11:52 Loom
17:58 Horse Collar
22:27 Castle Age
26:19 Imperial Age
24:09 Bow Saw
24:49 Heavy Plow
25:01 Bow Saw
25:13 Stone Mining
26:31 Town Watch
27:22 Wheelbarrow
27:19 Forging
27:14 Scale Barding Armor
28:51 Two-Man Saw
29:35 Iron Casting
31:26 Blast Furnace
30:57 Scale Barding Armor
30:51 Fishing Lines
31:22 Husbandry
31:32 Bloodlines
32:57 Conscription
32:31 Elite Mameluke
34:43 Fletching
35:16 Ballistics
35:36 Town Patrol
35:53 Hand Cart
35:02 Light Cavalry
36:03 Chain Barding Armor
36:11 Hussar
36:12 Hussar
38:20 Plate Barding Armor
43:01 Chemistry
optional_cookie
10:29 Feudal Age
10:58 Double-Bit Axe
11:37 Fishing Lines
15:37 Horse Collar
18:01 Castle Age
19:30 Bow Saw
19:26 Heavy Plow
21:10 Gillnets
25:09 Wheelbarrow
25:24 Loom
30:20 Imperial Age
28:10 Hand Cart
28:14 Gold Mining
28:33 Scale Barding Armor
28:39 Forging
28:20 Fletching
28:30 Town Watch
29:04 Padded Archer Armor
29:05 Scale Mail Armor
31:14 Iron Casting
31:05 Chain Barding Armor
31:27 Bimaristan
31:38 Conscription
30:39 Elite Mameluke
31:39 Scale Mail Armor
31:42 Caravan
32:23 Gold Shaft Mining
31:30 Capped Ram
32:20 Husbandry
32:35 Bloodlines
31:46 Heavy Camel Rider
34:07 Chemistry
33:27 Ballistics
33:13 Siege Engineers
33:06 Siege Ram
35:06 Plate Barding Armor
35:32 Blast Furnace
35:02 Bodkin Arrow
35:54 Onager
36:36 Pikeman
37:18 Squires
37:02 Light Cavalry
37:19 Siege Onager
38:14 Counterweights
37:43 Hussar
38:33 Gambesons
38:08 Man-at-Arms
cdb
0:42 Loom
11:52 Feudal Age
14:03 Double-Bit Axe
18:28 Castle Age
16:50 Horse Collar
19:19 Bow Saw
20:19 Fishing Lines
21:03 Gillnets
22:02 Gold Mining
22:33 Stone Mining
25:07 Heavy Plow
27:40 Fortified Wall
27:41 Masonry
29:43 Wheelbarrow
30:27 Town Watch
33:45 Imperial Age
31:59 Hand Cart
33:10 Gold Shaft Mining
32:49 Ballistas
33:41 Ballistics
34:58 Conscription
35:44 Chemistry
34:05 Heavy Scorpion
34:13 Onager
37:20 Siege Engineers
38:35 Fletching
dr.schniselx
3:54 Loom
12:50 Feudal Age
17:10 Castle Age
16:05 Double-Bit Axe
16:03 Horse Collar
18:56 Bow Saw
23:54 Heavy Plow
26:30 Wheelbarrow
25:55 Gold Mining
25:55 Stone Mining
32:09 Imperial Age
30:18 Ballistics
29:56 Fletching
30:06 Padded Archer Armor
30:14 Scale Barding Armor
30:39 Hand Cart
31:05 Thumb Ring
31:24 Bodkin Arrow
31:48 Stone Mining
31:51 Town Watch
32:32 Chain Barding Armor
33:21 Conscription
33:12 Medical Corps
32:36 Elite Elephant Archer
33:57 Bracer
34:34 Town Patrol
35:27 Husbandry
38:07 Chemistry
43:44 Padded Archer Armor
Mr.Guo
11:45 Feudal Age
13:02 Double-Bit Axe
15:24 Castle Age
13:32 Horse Collar
18:21 Wheelbarrow
22:58 Bow Saw
24:30 Demolition Ship
24:56 Fishing Lines
25:43 Hand Cart
27:48 Gold Mining
30:50 Imperial Age
28:42 Gillnets
29:50 Caravan
29:39 Loom
29:39 Town Watch
29:59 Heavy Plow
30:10 Forging
30:06 Scale Barding Armor
30:50 Gold Shaft Mining
30:06 Stone Mining
30:29 Onager
32:12 Husbandry
32:24 Bloodlines
33:11 Crop Rotation
33:42 Two-Man Saw
33:18 Coinage
33:52 Chemistry
33:13 Ballistics
33:04 Masonry
33:26 Cavalier
35:15 Iron Casting
35:00 Chain Barding Armor
34:48 Savar
40:07 Conscription
Connection lost

Rejoining the realm…

Still unreachable

The connection could not be restored.

Session expired

The server has moved on; the page needs a fresh start.